 Dungeon Crawl Stone Soup version 0.31-a0-819-gf6de2f5ab6 (webtiles) character file.

Game seed: 14649344832566855994

21 theswoord the Twirler (level 2, 22/22 HPs)
             Began as a Demonspawn Gladiator on Sept 24, 2023.
             Was an Initiate of Gozag.
             Got out of the dungeon alive.
             The game lasted 00:01:12 (960 turns).

theswoord the Twirler (Demonspawn Gladiator)         Turns: 960, Time: 00:01:13

Health: 22/22      AC: 11    Str: 14    XL:     2   Next: 62%
Magic:  2/2        EV:  7    Int:  9    God:    Gozag
Gold:   24         SH:  0    Dex: 14    Spells: 1/1 levels left

rFire   . . .        a - +0 quarterstaff
rCold   . . .        (shield currently unavailable)
rNeg    . . .        m - +0 chain mail
rPois   .            (helmet restricted)
rElec   .            (no cloak)
rCorr   .            h - +2 pair of gloves
SInv    .            (no boots)
Will    .....        (no amulet) Stlth
                     (no ring)
HPRegen 0.23/turn    (no ring)
MPRegen 0.08/turn

%: no passive effects
@: no status effects
A: horns 1
a: Renounce Religion, Potion Petition, Call Merchant, Bribe Branch


You escaped.
You worshipped Gozag.
Gozag was noncommittal.
You visited 1 branch of the dungeon, and saw 1 of its levels.

You collected 24 gold pieces.

Inventory:

Hand Weapons
 a - a +0 quarterstaff (weapon)
Missiles
 d - 3 throwing nets (quivered)
 e - a javelin
Armour
 b - a +0 leather armour
 c - a +0 helmet
 h - a +2 pair of gloves (worn)
 m - a +0 chain mail (worn)
Jewellery
 k - a ring of flight
Scrolls
 g - a scroll of identify {unknown}
 n - a scroll of teleportation {unknown}
Potions
 f - 2 potions of curing {unknown}
 i - a potion of heal wounds {unknown}
 j - a potion of cancellation {unknown}
 l - a potion of haste {unknown}


   Skills:
 - Level 2.0 Fighting
 + Level 3.6 Staves
 - Level 1.7 Throwing
 - Level 2.6 Dodging


You had one spell level left.
You didn't know any spells.
Your spell library was empty.

Dungeon Overview and Level Annotations

Branches:
Dungeon (1/15)

Altars:
Gozag


Innate Abilities, Weirdness & Mutations

You have a pair of small horns on your head.


Message History

Moving in this stuff is going to be slow.
You enter the shallow water.
Moving in this stuff is going to be slow.
You enter the shallow water.
Moving in this stuff is going to be slow.
You enter the shallow water.
Moving in this stuff is going to be slow.
Done exploring.
No target in view!
No target in view!
No target in view!
No target in view!
No target in view!
You enter the shallow water.
Moving in this stuff is going to be slow.
You enter the shallow water.
Moving in this stuff is going to be slow.
You enter the shallow water.
Moving in this stuff is going to be slow.
There is a faded altar of an unknown god here.
This altar belongs to (a) Sif Muna, (b) Gozag or (c) Hepliaklqana, but you can't tell which.
Press the corresponding letter to learn more about a god, or press enter to convert or escape to cancel.
Gozag accepts your prayer! Gozag welcomes you!
Gozag waives the service fee.
You enter the shallow water.
Moving in this stuff is going to be slow.
You enter the shallow water.
Moving in this stuff is going to be slow.
You enter the shallow water.
Moving in this stuff is going to be slow.
You see here a +0 dagger.
There is a staircase leading out of the dungeon here.
You can't go down here!
Unknown command.
You can't go down here!
Unknown command.
There are no items here.
Alright, then stay!
Alright, then stay!
You have escaped!

#.#.##.#........# #.....#
#.#.##.#..####..# #..#..#
#.#...>#..# #..# #..#..#
#.######..####..## #..#..# #.#
#..##.....# #..#..# #.#
#.........# #..##.# #.#
#.........# #..##.## #.#
#.........###..#...# #.#
#..##).@.......##..# #.#
#..##..........#...##
#.######..#####.####..##.#.####
#......#..# #.# #..#.###....
########..# #.# #..### #####
#..# #.# #..#.###....
#..#####.####..##.##....
#..............###......
#..............# #.#....


There were no monsters in sight!

Vanquished Creatures
  3 dart slugs (D:1)
  2 endoplasms (D:1)
  A giant cockroach (D:1)
  A goblin (D:1)
  2 hobgoblins (D:1)
  A quokka (D:1)
  A ball python (D:1)
  A bat (D:1)
  A frilled lizard (D:1)
  A kobold (D:1)
14 creatures vanquished.

Notes
Turn   | Place    | Note
-------+----------+-------------------------------------------
     0 | D:1      | theswoord the Demonspawn Gladiator began the quest for the
                  | Orb.
     0 | D:1      | Reached XP level 1. HP: 16/16 MP: 1/1
   157 | D:1      | Reached skill level 3 in Staves
   194 | D:1      | Discovered your monstrous ancestry.
   194 | D:1      | Gained mutation: You have a pair of small horns on your
                  | head. [demonic ancestry]
   194 | D:1      | Reached XP level 2. HP: 22/22 MP: 2/2
   794 | D:1      | Found a faded altar of an unknown god.
   868 | D:1      | Prayed at the altar of an unknown god.
   868 | D:1      | Became a worshipper of Gozag Ym Sagoz the Greedy
   960 | D:$      | Got out of the dungeon alive.

Skill      XL: |  1 |
---------------+----+-----
Staves         | 3 |  3.6
Fighting       | |  2.0
Throwing       | |  1.7
Dodging        | |  2.6

Action                     || total
---------------------------++-------
  Melee: Quarterstaff      ||    32
         Headbutt          ||     3
 Armour: Leather armour    ||     8
         Chain mail        ||     5
  Dodge: Dodged            ||    13

Levels and vault maps discovered:
D:1:      dpeg_arrival_boxes_within_box, layout_loops_ring,
          shapermc_ecumenical_altar_hornbeckon, minmay_crystal_room,
          serial_park_tiny_1, chequers_mini_garden, serial_park_tiny_pond
